| TOP OF THE 1ST |
|
Elizabethton Twins batting - Pitching for Oakland (APP) Athletics : RHP Paul Olson
|
|
Pitching: RHP Paul Olson
|
|
|
Batting: RHB Fhil Mikrakin
|
0-0: Ball 1-0: Swinging Strike 1-1: Bunt missed! 1-2: Strikes out swinging
|
|
Batting: RHB Josh Harmon
|
0-0: Ball 1-0: Ball 2-0: Swinging Strike 2-1: Ball 3-1: Called Strike 3-2: Strikes out looking
|
|
Batting: SHB Nadhir Umayr
|
0-0: Ball 1-0: Ball 2-0: Ball 3-0: Called Strike 3-1: Base on Balls
|
|
Batting: LHB David Ramos
|
0-0: Ball Nadhir Umayr steals 2nd base 1-0: Ball 2-0: Ball 3-0: Base on Balls
|
|
Batting: RHB Nestor Moreno
|
0-0: DOUBLE (Line Drive, 89XD, EV 111.2 MPH) Nadhir Umayr scores David Ramos to third Runner from 3rd tries for Home, throw by CF and OUT! 8-4-2
|
| Top of the 1st over - 1 run, 1 hit, 0 errors, 1 left on base; Elizabethton 1 - Oakland (APP) 0 |
| BOTTOM OF THE 1ST |
|
Oakland (APP) Athletics batting - Pitching for Elizabethton Twins : RHP Matt Parsons
|
|
Pitching: RHP Matt Parsons
|
|
|
Batting: RHB Scott Lister
|
0-0: Ball 1-0: Foul Ball, location: 2F 1-1: Ball 2-1: Ball 3-1: Base on Balls
|
|
Batting: RHB Gabe Secundino
|
0-0: Fly out, F9 (Line Drive, 9, EV 95.6 MPH)
|
|
Batting: LHB Alejandro Muniz
|
0-0: Ball Scott Lister steals 2nd base 1-0: SINGLE (Line Drive, 8LS, EV 109.4 MPH) Scott Lister to third Runner from 3rd tries for Home, SAFE, throw by CF to home Alejandro Muniz to second
|
|
Batting: LHB Roscoe Romaine
|
0-0: Ball 1-0: Ball 2-0: Called Strike 2-1: Ball 3-1: Base on Balls
|
|
Batting: RHB Rafael Alarcon
|
0-0: Called Strike 0-1: Called Strike 0-2: Grounds into double play, 5-4-3 (Groundball, 56, EV 83.8 MPH)
|
| Bottom of the 1st over - 1 run, 1 hit, 0 errors, 1 left on base; Elizabethton 1 - Oakland (APP) 1 |
| TOP OF THE 2ND |
|
Elizabethton Twins batting - Pitching for Oakland (APP) Athletics : RHP Paul Olson
|
|
Batting: SHB Rodrigo Mendoza
|
0-0: Called Strike 0-1: Called Strike 0-2: Ground out U3 (Groundball, 3S, EV 66.9 MPH)
|
|
Batting: SHB Ed Mosqueda
|
0-0: Foul Ball, location: 2F 0-1: Foul Ball, location: 2F 0-2: Ball 1-2: Ball 2-2: Fly out, F9 (Line Drive, 9D, EV 90.6 MPH)
|
|
Batting: LHB Joey Zamora
|
0-0: Called Strike 0-1: Ball 1-1: Swinging Strike 1-2: Ball 2-2: Strikes out looking
|
| Top of the 2nd over - 0 runs, 0 hits, 0 errors, 0 left on base; Elizabethton 1 - Oakland (APP) 1 |
| BOTTOM OF THE 2ND |
|
Oakland (APP) Athletics batting - Pitching for Elizabethton Twins : RHP Matt Parsons
|
|
Batting: RHB Ryan Jennings
|
0-0: Ball 1-0: Ground out 6-3 (Groundball, 6, EV 89.4 MPH)
|
|
Batting: RHB Ricardo Claros
|
0-0: Ground out 5-3 (Groundball, 5, EV 78.8 MPH)
|
|
Batting: RHB Phoctor Dill
|
0-0: Foul Ball, location: 2F 0-1: Ball 1-1: Ball 2-1: Ball 3-1: Foul Ball, location: 2F 3-2: Fly out, F9 (Line Drive, 9, EV 103.8 MPH)
|
| Bottom of the 2nd over - 0 runs, 0 hits, 0 errors, 0 left on base; Elizabethton 1 - Oakland (APP) 1 |
| TOP OF THE 3RD |
|
Elizabethton Twins batting - Pitching for Oakland (APP) Athletics : RHP Paul Olson
|
|
Batting: RHB Hisao Takei
|
0-0: Called Strike 0-1: Called Strike 0-2: Ball 1-2: Ball 2-2: DOUBLE (Flyball, 78XD, EV 108.1 MPH)
|
|
Batting: RHB Fhil Mikrakin
|
0-0: Called Strike 0-1: Swinging Strike 0-2: Strikes out swinging
|
|
Batting: RHB Josh Harmon
|
0-0: Called Strike 0-1: Called Strike 0-2: Foul Ball, location: 2F 0-2: Ball 1-2: Fly out, F8 (Line Drive, 8LD, EV 99.4 MPH)
|
|
Batting: SHB Nadhir Umayr
|
0-0: Called Strike 0-1: Called Strike 0-2: Strikes out swinging, 2-3 out at first.
|
| Top of the 3rd over - 0 runs, 1 hit, 0 errors, 1 left on base; Elizabethton 1 - Oakland (APP) 1 |
| BOTTOM OF THE 3RD |
|
Oakland (APP) Athletics batting - Pitching for Elizabethton Twins : RHP Matt Parsons
|
|
Batting: LHB Bill Helmer
|
0-0: Ball 1-0: Foul Ball, location: 2F 1-1: Ball 2-1: Foul Ball, location: 2F 2-2: Fly out, F7 (Flyball, 7D, EV 91.9 MPH)
|
|
Batting: RHB Scott Lister
|
0-0: Ball 1-0: Ball 2-0: Foul Ball, location: 2F 2-1: Foul Ball, location: 2F 2-2: Reached on error, E5 (Groundball, 56, EV 107.5 MPH)
|
|
Batting: RHB Gabe Secundino
|
0-0: Ball 1-0: Ball 2-0: Fielders Choice at 2nd, 6-4 (Groundball, 6, EV 98.1 MPH)
|
|
Batting: LHB Alejandro Muniz
|
0-0: Ball 1-0: Foul Ball, location: 2F 1-1: Called Strike 1-2: Ball 2-2: Ball 3-2: Ground out 4-3 (Groundball, 34D, EV 104.4 MPH)
|
| Bottom of the 3rd over - 0 runs, 0 hits, 1 error, 1 left on base; Elizabethton 1 - Oakland (APP) 1 |
| TOP OF THE 4TH |
|
Elizabethton Twins batting - Pitching for Oakland (APP) Athletics : RHP Paul Olson
|
|
Batting: LHB David Ramos
|
0-0: Swinging Strike 0-1: Called Strike 0-2: Strikes out swinging
|
|
Batting: RHB Nestor Moreno
|
0-0: Ground out 5-3 (Groundball, 56, EV 87.5 MPH)
|
|
Batting: SHB Rodrigo Mendoza
|
0-0: Ball 1-0: Ball 2-0: Foul Ball, location: 2F 2-1: Foul Ball, location: 2F 2-2: Strikes out swinging
|
| Top of the 4th over - 0 runs, 0 hits, 0 errors, 0 left on base; Elizabethton 1 - Oakland (APP) 1 |
| BOTTOM OF THE 4TH |
|
Oakland (APP) Athletics batting - Pitching for Elizabethton Twins : RHP Matt Parsons
|
|
Batting: LHB Roscoe Romaine
|
0-0: Ball 1-0: Swinging Strike 1-1: Ball 2-1: Foul Ball, location: 2F 2-2: Ball 3-2: Foul Ball, location: 2F 3-2: SOLO HOME RUN (Flyball, 9D, EV 95.0 MPH), Distance : 341 ft
|
|
Batting: RHB Rafael Alarcon
|
0-0: Ball 1-0: Fly out, F8 (Flyball, 8RD, EV 79.4 MPH)
|
|
Batting: RHB Ryan Jennings
|
0-0: Foul Ball, location: 2F 0-1: Foul Ball, location: 2F 0-2: Hit by Pitch
|
|
Batting: RHB Ricardo Claros
|
0-0: Ball 1-0: Swinging Strike 1-1: Ball 2-1: Swinging Strike 2-2: Ball 3-2: Strikes out swinging
|
|
Batting: RHB Phoctor Dill
|
0-0: Called Strike 0-1: Ball 1-1: Foul Ball, location: 2F 1-2: Ball 2-2: Foul Ball, location: 2F 2-2: Foul Ball, location: 2F 2-2: Ball 3-2: Base on Balls Ryan Jennings to second
|
|
Batting: LHB Bill Helmer
|
0-0: Fielders Choice at 2nd, 6-4 (Groundball, 6MD, EV 105.0 MPH)
|
| Bottom of the 4th over - 1 run, 1 hit, 0 errors, 2 left on base; Elizabethton 1 - Oakland (APP) 2 |
| TOP OF THE 5TH |
|
Elizabethton Twins batting - Pitching for Oakland (APP) Athletics : RHP Paul Olson
|
|
Batting: SHB Ed Mosqueda
|
0-0: Ball 1-0: Ball 2-0: Ground out 6-3 (Groundball, 6, EV 89.4 MPH)
|
|
Batting: LHB Joey Zamora
|
0-0: Swinging Strike 0-1: Ball 1-1: Swinging Strike 1-2: Strikes out swinging, 2-3 out at first.
|
|
Batting: RHB Hisao Takei
|
0-0: Ball 1-0: Ball 2-0: Ball 3-0: Called Strike 3-1: Base on Balls
|
|
Batting: RHB Fhil Mikrakin
|
0-0: Ground out 6-3 (Groundball, 56, EV 99.4 MPH)
|
| Top of the 5th over - 0 runs, 0 hits, 0 errors, 1 left on base; Elizabethton 1 - Oakland (APP) 2 |
| BOTTOM OF THE 5TH |
|
Oakland (APP) Athletics batting - Pitching for Elizabethton Twins : RHP Matt Parsons
|
|
Batting: RHB Scott Lister
|
0-0: Foul Ball, location: 2F 0-1: Ball 1-1: Foul Ball, location: 2F 1-2: Ball 2-2: DOUBLE (Line Drive, 5D, EV 103.1 MPH)
|
|
Batting: RHB Gabe Secundino
|
0-0: Called Strike 0-1: Called Strike 0-2: Ball 1-2: Strikes out swinging
|
|
Pitching: LHP Mike Horton
|
|
|
Batting: LHB Alejandro Muniz
|
0-0: Ball 1-0: Ball 2-0: Ball 3-0: SINGLE (Groundball, 6MD, EV 97.5 MPH) Scott Lister to third
|
|
Batting: LHB Roscoe Romaine
|
0-0: Ball 1-0: Ball 2-0: Ball 3-0: Called Strike 3-1: Base on Balls Alejandro Muniz to second
|
|
Batting: RHB Rafael Alarcon
|
0-0: Called Strike 0-1: Foul Ball, location: 2F 0-2: Ball 1-2: SINGLE (Groundball, 56D, EV 101.2 MPH) Scott Lister scores Alejandro Muniz to third Roscoe Romaine to second
|
|
Batting: RHB Ryan Jennings
|
0-0: Ball 1-0: Ball 2-0: Foul Ball, location: 2F 2-1: Ball 3-1: Base on Balls Alejandro Muniz scores Roscoe Romaine to third Rafael Alarcon to second
|
|
Batting: RHB Ricardo Claros
|
0-0: Ball 1-0: Called Strike 1-1: Ball 2-1: Ball 3-1: Base on Balls Roscoe Romaine scores Rafael Alarcon to third Ryan Jennings to second
|
|
Batting: RHB Phoctor Dill
|
0-0: Fly out, F9 (Flyball, 9D, EV 96.9 MPH) Runner from 3rd tags up, OUT at HOME! 9-2
|
| Bottom of the 5th over - 3 runs, 3 hits, 0 errors, 2 left on base; Elizabethton 1 - Oakland (APP) 5 |
| TOP OF THE 6TH |
|
Elizabethton Twins batting - Pitching for Oakland (APP) Athletics : RHP Paul Olson
|
|
Batting: RHB Josh Harmon
|
0-0: Ball 1-0: Foul Ball, location: 2F 1-1: Swinging Strike 1-2: Fly out, F8 (Line Drive, 78D, EV 98.1 MPH)
|
|
Pitching: RHP Juan Luna
|
|
|
Batting: SHB Nadhir Umayr
|
0-0: Called Strike 0-1: Foul Ball, location: 2F 0-2: Ground out 5-3 (Groundball, 56, EV 101.9 MPH)
|
|
Batting: LHB David Ramos
|
0-0: Ground out 5-3 (Groundball, 5S, EV 85.6 MPH)
|
| Top of the 6th over - 0 runs, 0 hits, 0 errors, 0 left on base; Elizabethton 1 - Oakland (APP) 5 |
| BOTTOM OF THE 6TH |
|
Oakland (APP) Athletics batting - Pitching for Elizabethton Twins : LHP Mike Horton
|
|
Batting: LHB Bill Helmer
|
0-0: Called Strike 0-1: Called Strike 0-2: Ball 1-2: Ball 2-2: Ball 3-2: Foul Ball, location: 2F 3-2: Base on Balls
|
|
Batting: RHB Scott Lister
|
0-0: Ball 1-0: Fielders Choice at 2nd, 4-6 (Groundball, 4M, EV 89.4 MPH)
|
|
Pitching: RHP Miguel Montelongo
|
|
|
Batting: RHB Gabe Secundino
|
0-0: Ball 1-0: Foul Ball, location: 2F 1-1: Called Strike 1-2: Ground out 5-3 (Groundball, 5S, EV 76.2 MPH) Scott Lister to second
|
|
Batting: LHB Alejandro Muniz
|
0-0: Fly out, F7 (Flyball, 78D, EV 106.2 MPH)
|
| Bottom of the 6th over - 0 runs, 0 hits, 0 errors, 1 left on base; Elizabethton 1 - Oakland (APP) 5 |
| TOP OF THE 7TH |
|
Elizabethton Twins batting - Pitching for Oakland (APP) Athletics : RHP Juan Luna
|
|
Batting: RHB Nestor Moreno
|
0-0: Ball 1-0: Called Strike 1-1: Fly out, F8 (Flyball, 8LD, EV 88.1 MPH)
|
|
Batting: SHB Rodrigo Mendoza
|
0-0: Ball 1-0: Ball 2-0: Ball 3-0: Base on Balls
|
|
Batting: SHB Ed Mosqueda
|
0-0: Ball 1-0: Ball 2-0: Ball 3-0: SINGLE (Groundball, 3D, EV 94.4 MPH) Rodrigo Mendoza to second Runner from 2nd tries for 3rd, SAFE, throw by RF made to third
|
|
Batting: LHB Joey Zamora
|
0-0: Ball Ed Mosqueda is caught stealing 2nd base 2-6 1-0: Ball 2-0: Ball 3-0: Called Strike 3-1: Swinging Strike 3-2: Fly out, F8 (Flyball, 8RXD, EV 98.8 MPH)
|
| Top of the 7th over - 0 runs, 1 hit, 0 errors, 1 left on base; Elizabethton 1 - Oakland (APP) 5 |
| BOTTOM OF THE 7TH |
|
Oakland (APP) Athletics batting - Pitching for Elizabethton Twins : RHP Miguel Montelongo
|
|
Batting: LHB Roscoe Romaine
|
0-0: Ball 1-0: Ball 2-0: Ball 3-0: Called Strike 3-1: Ground out 5-3 (Groundball, 56, EV 89.4 MPH)
|
|
Batting: RHB Rafael Alarcon
|
0-0: Swinging Strike 0-1: Foul Ball, location: 2F 0-2: Ground out 6-3 (Groundball, 4M, EV 84.4 MPH)
|
|
Batting: RHB Ryan Jennings
|
0-0: Foul Ball, location: 2F 0-1: Ball 1-1: Swinging Strike 1-2: Strikes out swinging
|
| Bottom of the 7th over - 0 runs, 0 hits, 0 errors, 0 left on base; Elizabethton 1 - Oakland (APP) 5 |
| TOP OF THE 8TH |
|
Elizabethton Twins batting - Pitching for Oakland (APP) Athletics : RHP Juan Luna
|
|
Batting: RHB Hisao Takei
|
0-0: Foul Ball, location: 2F 0-1: Ball 1-1: Called Strike 1-2: Foul Ball, location: 2F 1-2: Ball 2-2: Strikes out swinging
|
|
Batting: RHB Fhil Mikrakin
|
0-0: Ball 1-0: Reached via error on a dropped throw from 3B, E3 (Groundball, 56, EV 86.9 MPH)
|
|
Batting: RHB Josh Harmon
|
0-0: Ball 1-0: Ball 2-0: Ball 3-0: Base on Balls Fhil Mikrakin to second
|
|
Batting: SHB Nadhir Umayr
|
0-0: Called Strike 0-1: Called Strike 0-2: Strikes out looking
|
|
Batting: LHB David Ramos
|
0-0: Called Strike 0-1: Ball 1-1: Called Strike 1-2: Strikes out swinging
|
| Top of the 8th over - 0 runs, 0 hits, 1 error, 2 left on base; Elizabethton 1 - Oakland (APP) 5 |
| BOTTOM OF THE 8TH |
|
Oakland (APP) Athletics batting - Pitching for Elizabethton Twins : RHP Miguel Montelongo
|
|
Batting: RHB Ricardo Claros
|
0-0: Fly out, F8 (Line Drive, 8LD, EV 93.8 MPH)
|
|
Batting: RHB Phoctor Dill
|
0-0: Called Strike 0-1: Ball 1-1: Ball 2-1: SINGLE (Line Drive, 6D, EV 98.8 MPH)
|
|
Pitching: RHP Karel Braaksma
|
|
|
Batting: LHB Bill Helmer
|
0-0: Swinging Strike 0-1: Foul Ball, location: 2F 0-2: Strikes out swinging
|
|
Batting: RHB Scott Lister
|
0-0: Called Strike 0-1: Ball 1-1: Ball 2-1: Ball 3-1: Base on Balls Phoctor Dill to second
|
|
Batting: RHB Gabe Secundino
|
0-0: Ball 1-0: Ball 2-0: Called Strike 2-1: Ball 3-1: Called Strike 3-2: Foul Ball, location: 2F 3-2: Base on Balls Phoctor Dill to third Scott Lister to second
|
|
Batting: LHB Alejandro Muniz
|
0-0: Ball 1-0: Foul Ball, location: 2F 1-1: Called Strike 1-2: Ground out 1-3 (Groundball, 13S, EV 66.2 MPH)
|
| Bottom of the 8th over - 0 runs, 1 hit, 0 errors, 3 left on base; Elizabethton 1 - Oakland (APP) 5 |
| TOP OF THE 9TH |
|
Elizabethton Twins batting - Pitching for Oakland (APP) Athletics : RHP Juan Luna
|
|
Pitching: RHP Jason Palmer
|
|
|
Batting: RHB Nestor Moreno
|
0-0: Ball 1-0: Called Strike 1-1: Ball 2-1: Swinging Strike 2-2: Foul Ball, location: 2F 2-2: Foul Ball, location: 2F 2-2: Ball 3-2: Foul Ball, location: 2F 3-2: Strikes out looking
|
|
Batting: SHB Rodrigo Mendoza
|
0-0: Called Strike 0-1: Ball 1-1: Ball 2-1: Ball 3-1: Base on Balls
|
|
Batting: SHB Ed Mosqueda
|
0-0: Ball 1-0: Called Strike 1-1: Ball Passed Ball! Rodrigo Mendoza to second 2-1: Ball 3-1: SINGLE (Groundball, 6M, EV 100.6 MPH) (infield hit) Rodrigo Mendoza to third
|
|
Batting: LHB Joey Zamora
|
0-0: Ball 1-0: Ball 2-0: Swinging Strike 2-1: Swinging Strike 2-2: Strikes out looking
|
|
Pinch Hitting: LHB Bill Lorimer
|
0-0: Called Strike 0-1: Swinging Strike 0-2: Ball 1-2: Ball Wild Pitch! Rodrigo Mendoza scores Ed Mosqueda to second 2-2: Foul Ball, location: 2F 2-2: Foul Ball, location: 2F 2-2: Ground out 6-3 (Groundball, 4M, EV 78.1 MPH)
|
| Top of the 9th over - 1 run, 1 hit, 0 errors, 1 left on base; Elizabethton 2 - Oakland (APP) 5 |
|